 Dungeon Crawl Stone Soup version 0.26-a0-852-g6321bf7485 (webtiles) character file.

Game seed: 2349527910066074622

462 dickylongcocking the Magician (level 6, 0/32 HPs)
             Began as a Deep Elf Venom Mage on Nov 21, 2020.
             Was a Follower of Kikubaaqudgha.
             Slain by an ogre
             ... wielding a +0 giant spiked club
              (29 damage)
             ... on level 5 of the Dungeon.
             The game lasted 00:05:22 (4875 turns).

dickylongcocking the Magician (Deep Elf Venom Mage) Turns: 4875, Time: 00:05:23

Health: 0/32       AC:  9    Str:  5    XL:     6   Next: 79%
Magic:  5/16       EV: 13    Int: 22    God:    Kikubaaqudgha [*.....]
Gold:   236        SH:  0    Dex: 15    Spells: 8/16 levels left

rFire    . . .     SeeInvis .   g - +2 dagger (venom)
rCold    . . .     Faith    .   (no shield)
rNeg     + . .     Spirit   .   a - +0 robe
rPois    .         Reflect  .   r - +2 helmet
rElec    .         Harm     .   l - +2 cloak {Stlth+}
rCorr    .         Rampage  .   (no gloves)
MR       .....                  n - +0 pair of boots
Stlth    ++........             (no amulet)
HPRegen  0.10/turn              h - ring of positive energy
MPRegen  0.15/turn              (no ring)

@: no status effects
A: no striking features
a: Receive Corpses, Renounce Religion


You were on level 5 of the Dungeon.
You worshipped Kikubaaqudgha.
Kikubaaqudgha was aware of your devotion.
You visited 1 branch of the dungeon, and saw 5 of its levels.

You collected 236 gold pieces.

Inventory:

Hand Weapons
 d - a +1 dagger of venom
 g - a +2 dagger of venom (weapon)
Armour
 a - a +0 robe (worn)
 l - a +2 cloak of stealth (worn)
 n - a +0 pair of boots (worn)
 r - a +2 helmet (worn)
Jewellery
 h - a ring of positive energy (left hand)
Scrolls
 b - a scroll of identify
 c - 2 scrolls of noise
 e - a scroll of blinking
 f - 2 scrolls of teleportation
 j - a scroll of fear {unknown}
 k - a scroll of enchant weapon {unknown}
 m - a scroll of enchant armour
 o - 3 scrolls of fog
 t - 2 scrolls of remove curse
 v - a scroll of random uselessness {unknown}
Potions
 i - 2 potions of heal wounds {unknown}
 p - a potion of curing
 q - 2 potions of attraction {unknown}
 s - a potion of degeneration {unknown}
 u - a potion of brilliance {unknown}


   Skills:
 - Level 2.5 Dodging
 - Level 2.4 Stealth
 * Level 5.6 Spellcasting
 * Level 2.8 Necromancy
 - Level 4.0 Transmutations
 * Level 5.4 Poison Magic


You had 8 spell levels left.
You knew the following spells:

 Your Spells              Type           Power        Failure   Level
a - Sting                 Tmut/Pois      ####         1%          1
d - Olgreb's Toxic Radia  Pois           ####....     10%         4
i - Ignite Poison         Fire/Tmut/Pois ###.....     8%          3

Your spell library contained the following spells:

 Spells                   Type           Power        Failure   Level
 Pain                     Necr           ###.         3%          1
 Poisonous Vapours        Pois/Air       ###...       4%          2
 Sublimation of Blood     Necr           ###.......   4%          2
 Corpse Rot               Necr/Air       N/A          8%          2
 Vampiric Draining        Necr           ###.......   9%          3
 Mephitic Cloud           Conj/Pois/Air  ##......     14%         3


Dungeon Overview and Level Annotations

Branches:
Dungeon (5/15)             Temple (0/1) D:5

Altars:
Cheibriados
Kikubaaqudgha
Nemelex Xobeh
Ru
Trog
The Shining One

Annotations:
D:4 1 runed translucent door, lordvenom1's ghost, amateur DsGl


Message History

An ogre is nearby!
An ogre is nearby!
Casting: Ignite Poison (quite dangerous; 8% risk of failure)
Confirm with . or Enter, or press ? or * to list all spells.
Aiming: Sting (safe; 1% risk of failure)
Press: ? - help, Shift-Dir - straight line, f - ogre
Aim: an ogre, wielding a +0 giant spiked club (heavily wounded, poisoned)
The sting hits the ogre.
The ogre looks even sicker.
The ogre is heavily wounded.
Unknown command.
Casting: Sting (safe; 1% risk of failure)
Confirm with . or Enter, or press ? or * to list all spells.
The spell is quite dangerous to cast (8% risk of failure)!
Continue anyway?
Okay, then.
You completely miss the ogre.
The ogre is heavily wounded.
The ogre hits you with a +0 giant spiked club!!
Ouch! That really hurt!
You die...
Kikubaaqudgha rasps: "You have failed me!
Welcome... death!"

♣♣#♣.♣♣####..##
♣♣.♣.### ..♣
♣....♣.♣♣ .♣
♣♣♣♣.♣..♣
♣...♣♣ ♣..♣.§♣♣
♣..P♣.§♣♣
♣PP..♣.≈♣§♣♣
♣♣.♣..♣♣§§@♣
♣.♣.♣.♣.♣♣O♣
.♣♣.♣♣.♣ .♣P .♣
♣♣♣.♣ ♣♣ .. ♣.♣
... ♣.♣ .... .♣
##P.. ..#.


You could see an ogre (very poisoned).

Vanquished Creatures
  A scorpion (D:4)
  2 vampire bats (D:2)
  3 hounds
  Crazy Yiuf (D:2)
  An orc wizard (D:4)
  4 adders
  4 gnolls (D:2)
  A river rat (D:5)
  A white imp (D:4)
  2 oozes
  4 leopard geckos
  2 orcs (D:4)
  9 bats
  A bat skeleton (D:2)
  5 bat zombies (D:2)
  4 giant cockroaches
  12 goblins
  4 hobgoblins
  6 jackals (D:3)
  A quokka (D:4)
  2 ball pythons
  5 frilled lizards
  4 kobolds
  7 rats
86 creatures vanquished.

Vanquished Creatures (others)
  16 plants
16 creatures vanquished.

Grand Total: 102 creatures vanquished

Notes
Turn   | Place    | Note
-------+----------+-------------------------------------------
     0 | D:1      | dickylongcocking the Deep Elf Venom Mage began the quest
                  | for the Orb.
     0 | D:1      | Reached XP level 1. HP: 10/10 MP: 6/6
   382 | D:1      | Reached XP level 2. HP: 14/15 MP: 6/8
   771 | D:2      | Reached XP level 3. HP: 8/19 MP: 7/10
  1238 | D:2      | Learned a level 3 spell: Ignite Poison
  1268 | D:2      | Found a runed translucent door.
  1269 | D:2      | Noticed Crazy Yiuf
  1373 | D:2      | Found an ancient bone altar of Kikubaaqudgha.
  1379 | D:2      | Became a worshipper of Kikubaaqudgha
  1412 | D:2      | Reached XP level 4. HP: 21/24 MP: 12/12
  1820 | D:2      | Reached XP level 5. HP: 28/28 MP: 10/13
  1871 | D:2      | Learned a level 4 spell: Olgreb's Toxic Radiance
  2063 | D:2      | Reached skill level 1 in Necromancy
  2649 | D:2      | Killed Crazy Yiuf
  2740 | D:3      | Found a faded altar of an unknown god.
  3358 | D:3      | Reached * piety under Kikubaaqudgha
  3358 | D:3      | Identified Kikubaaqudgha's Volume of Evil (Kikubaaqudgha
                  | gifted it to you on level 3 of the Dungeon)
  3358 | D:3      | Received a gift from Kikubaaqudgha
  3359 | D:3      | Reached skill level 5 in Spellcasting
  3359 | D:3      | Reached skill level 5 in Poison Magic
  3401 | D:3      | Found a sacrificial altar of Ru.
  3401 | D:3      | Found a snail-covered altar of Cheibriados.
  3402 | D:3      | Found a sparkling altar of Nemelex Xobeh.
  3524 | D:3      | Found a bloodstained altar of Trog.
  3681 | D:4      | Reached XP level 6. HP: 30/32 MP: 7/15
  3990 | D:4      | Noticed lordvenom1's ghost (amateur DsGl)
  3994 | D:4      | Found a runed translucent door.
  4446 | D:4      | Found a glowing golden altar of the Shining One.
  4604 | D:5      | Entered Level 5 of the Dungeon
  4817 | D:5      | Found a staircase to the Ecumenical Temple.
  4875 | D:5      | Slain by an ogre

Illustrated notes

Levels and vault maps discovered:
D:1:      mrwooster_arrival_statue, layout_loops_ring, moated_statue
D:2:      layout_loops_corners, kennysheep_vampire_church,
          uniq_crazy_yiuf_cottage
D:3:      layout_rooms, general_overflow_altar, gammafunk_temple_overflow_claw,
          chequers_ecumenical_altar_simple
D:4:      layout_loops_ring, tso_oasis_becter, hellmonk_ghost_happy_afterlife
D:5:      wad_woods_settlement, layout_basic, kennysheep_mini,
          marbit_many_paths, grunt_dithmenos_smoke, grunt_decor_junction

Skill      XL: |  1  2  3  4  5  6 |
---------------+-------------------+-----
Poison Magic   | 4 5 |  5.4
Transmutations | 2 3 4 |  4.0
Spellcasting   | 4 5 |  5.6
Necromancy     | 1 2 |  2.8
Dodging        | |  2.5
Stealth        | |  2.4

Action                   |  1- 3 |  4- 6 || total
-------------------------+-------+-------++-------
Melee: Dagger            |    28 |    62 ||    90
 Cast: Sting             |    34 |    47 ||    81
       Olgreb's Toxic Ra |       |    14 ||    14
       Ignite Poison     |       |     7 ||     7
  Use: Potion            |     4 |     4 ||     8
       Scroll            |       |    10 ||    10
 Stab: Invisible         |       |     1 ||     1
Armor: Robe              |    37 |    28 ||    65
       Skin              |       |     4 ||     4
Dodge: Dodged            |   112 |    85 ||   197

Table legend: (Time is in decaauts)
 A = Elapsed time spent in this place.
 B = Non-inter-level travel time spent in this place.
 C = Inter-level travel time spent in this place.
 D = Time resting spent in this place.
 E = Time spent auto-exploring this place.
 F = Levels seen in this place.
 G = Mean time per level.
                   A        B        C        D        E       F      G
               +--------+--------+--------+--------+--------+-----+--------+
         Total |   4858 |   4734 |    124 |    977 |   3152 |   5 |  971.6 |
       Dungeon |   4858 |   4734 |    124 |    977 |   3152 |   5 |  971.6 |
               +--------+--------+--------+--------+--------+-----+--------+

Top non-repeatable levels by time:
     D:2: 1649 daAuts
     D:1: 1065 daAuts
     D:4: 948 daAuts
     D:3: 924 daAuts
     D:5: 270 daAuts
